 Dungeon Crawl Stone Soup version 0.25-a0-803-g58bd18402a (webtiles) character file.

Game seed: 11882549384656035643, levelgen mode: deterministic

46 Maedhros the Charlatan (level 3, -3/23 HPs)
             Began as an Octopode Artificer on Apr 19, 2020.
             Slain by an orc
             ... wielding a +0 club
              (5 damage)
             ... on level 3 of the Dungeon.
             The game lasted 00:02:22 (565 turns).

Maedhros the Charlatan (Octopode Artificer)          Turns: 565, Time: 00:02:23

Health: -3/23      AC:  1    Str: 11    XL:     3   Next: 68%
Magic:  5/5        EV: 13    Int: 18    God:
Gold:   15         SH:  0    Dex: 13    Spells: 2/2 levels left

rFire    . . .     SeeInvis .   a - +0 short sword
rCold    . . .     Gourm    .   (no shield)
rNeg     . . .     Faith    .   (helmet restricted)
rPois    .         Spirit   .   (no amulet)
rElec    .         Reflect  .   i - +5 ring of intelligence
rCorr    .         Harm     .   (no ring)
MR       .....                  (no ring)
Stlth    +++.......             (no ring)
HPRegen  0.07/turn              (no ring)
MPRegen  0.09/turn              (no ring)
                                (no ring)
                                (no ring)

@: no status effects
A: almost no armour, stealthy swim, amphibious, 8 rings, constrict 8, camouflage
1, gelatinous body 1
a: no special abilities


You were on level 3 of the Dungeon.
You were not hungry.

You visited 1 branch of the dungeon, and saw 3 of its levels.

You collected 15 gold pieces.

Inventory:

Hand Weapons
 a - a +0 short sword (weapon)
Jewellery
 i - a +5 ring of intelligence (left tentacle)
Wands
 b - a wand of flame (12)
 c - a wand of enslavement (13)
 d - a wand of random effects (15)
Potions
 e - 2 potions of heal wounds {unknown}
 g - a potion of flight {unknown}
 h - 2 potions of curing {unknown}
Comestibles
 f - 4 rations


   Skills:
 - Level 1.0 Fighting
 - Level 1.0 Short Blades
 - Level 2.0 Dodging
 + Level 2.6 Stealth
 * Level 2.1 Unarmed Combat
 + Level 3.8 Evocations


You had 2 spell levels left.
You didn't know any spells.
Your spell library was empty.

Dungeon Overview and Level Annotations

Branches:
Dungeon (3/15)

Altars:
Elyvilon
Sif Muna
Trog
Yredelemnul

Annotations:
D:3 Robin


Innate Abilities, Weirdness & Mutations

You cannot wear most types of armour.
You are very stealthy in the water. (Stealth+)
You are amphibious.
You can wear up to eight rings at the same time.
You can use your tentacles to constrict eight enemies at once.
Your skin changes colour to match your surroundings (Stealth+).
Your rubbery body absorbs attacks. (AC +1, EV +1)


Message History

You kill the bat!
You see here a bat corpse.
An orc comes into view. It is wielding a +0 club.
An orc is nearby!
The orc shouts!
An orc comes into view. It is wielding a +0 flail.
The orc hits you with a +0 club.
* * * LOW HITPOINT WARNING * * *
Evoke which item? (* to show all) (? for menu, Esc to quit)
Aiming: Enslavement
Press: ? - help, Shift-Dir - straight line, f - orc
Aim: an orc, wielding a +0 club (chance to defeat MR: 73%)
The orc struggles to resist.
The orc shouts!
Evoke which item? (* to show all) (? for menu, Esc to quit)
Aiming: Enslavement
Press: ? - help, Shift-Dir - straight line, f/p - orc
Aim: an orc, wielding a +0 club (chance to defeat MR: 73%)
The orc struggles to resist.
The orc hits you with a +0 club.
You die...

##. #.. #.#
#.# #o# #.##
#.# #... #o#
#..# #@# ..#
#.# ..# #.#
##.## #.#
.###...###.#
#.#
w..........#
#.###
.###<..#####
#...# #..##
###.# #.##
#.#


You could see 2 orcs.

Vanquished Creatures
  3 adders
  2 dart slugs
  A giant cockroach (D:2)
  A goblin (D:2)
  2 hobgoblins
  2 kobolds
  5 bats
  A frilled lizard (D:1)
17 creatures vanquished.

Notes
Turn   | Place    | Note
-------+----------+-------------------------------------------
     0 | D:1      | Maedhros the Octopode Artificer began the quest for the
                  | Orb.
     0 | D:1      | Reached XP level 1. HP: 13/13 MP: 3/3
    97 | D:1      | Reached skill level 1 in Unarmed Combat
    97 | D:1      | Reached XP level 2. HP: 18/18 MP: 4/4
   263 | D:2      | Reached XP level 3. HP: 1/23 MP: 5/5
   326 | D:3      | Noticed Robin
   431 | D:2      | Found a bloodstained altar of Trog.
   432 | D:2      | Found a basalt altar of Yredelemnul.
   433 | D:2      | Found a white marble altar of Elyvilon.
   433 | D:2      | Found a shimmering blue altar of Sif Muna.
   565 | D:3      | Slain by an orc

Levels and vault maps discovered:
D:1:      dpeg_arrival_short_road, layout_loops_ring, fountainhead
D:2:      layout_basic, chequers_temple_overflow_statue_of_worship,
          serial_glass, glass_columns_b, glass_columns_a, uniq_sigmund
D:3:      layout_loops_ring, nicolae_ru_great_annihilating_truth,
          kennysheep_generic_room_3, uniq_robin

Skill      XL: |  1  2  3 |
---------------+----------+-----
Unarmed Combat | 1 2 |  2.1
Stealth        | 2 |  2.6
Fighting       | |  1.0
Short Blades   | |  1.0
Dodging        | |  2.0
Evocations     | |  3.8

Action                   || total
-------------------------++-------
Melee: Short sword       ||    33
       Constrict         ||    12
       Tentacles         ||     7
Evoke: Wand              ||     5
 Stab: Sleeping          ||     5
Armor: Skin              ||     2
Dodge: Dodged            ||    15

Table legend:
 A = Non-vault XP
 B = Vault XP
 C = Vault XP percentage of total XP
 D = Non-vault monster count
 E = Vault monster count
 F = Vault count percentage of total count
                 A         B        C        D         E       F
            +---------+---------+-------+---------+---------+-------
      Total |      65 |       2 |   3.0 |      16 |       1 |   5.9
            +---------+---------+-------+---------+---------+-------
        D:1 |      11 |       0 |   0.0 |       6 |       0 |   0.0
        D:2 |      25 |       0 |   0.0 |       6 |       0 |   0.0
        D:3 |      29 |       2 |   6.5 |       4 |       1 |  20.0
            +---------+---------+-------+---------+---------+-------
